Cogmind - Beta 11.2 *** ADVENTURER MODE // 2022.12.24 @ 19:59:23 // Winter2022/Polymind Player: yub Result: Destroyed by S-10 Pest with Light Assault Rifle Performance ------------- Evolutions (1) 500 Regions Visited (3) 600 Robots Destroyed (8) 40 Value Destroyed (320) 320 Prototype IDs (0) 0 Alien Tech Used (0) 0 Bonus (2404) 2404 TOTAL SCORE: 3064 Bonus ------- Polymind Skill 2204 Pacifist 200 Cogmind --------- Core Integrity 0/400 Matter 0/0 Energy 24/25 System Corruption 0% Temperature Cool (0) Movement Rolling (80) Location -9/Storage Parts ------- > --- POWER (1) -------- (None) > --- PROPULSION (2) --- Wheel > --- UTILITY (3) ------ Structural Scanner Terrain Scanner Terrain Scan Processor > --- WEAPON (1) ------- (None) > --- INVENTORY (0) ---- (None) Peak State ------------ > --- POWER ------------ Improved Ion Engine > --- PROPULSION ------- Light Treads Light Treads > --- UTILITY ---------- Heat Sink Heat Sink Light Armor Plating > --- WEAPON ----------- Beam Rifle Heavy Assault Rifle > --- INVENTORY -------- (None) [Rating: 11] Favorites ----------- Power Improved Ion Engine Engine Improved Ion Engine Propulsion Light Treads Treads Light Treads Wheel Compact Wheel Hover Unit Hover Unit Utility Heat Sink Device Heat Sink Storage Small Storage Unit Processor Visual Processing Unit Protection Light Armor Plating Weapon Heavy Assault Rifle Energy Gun Beam Rifle Ballistic Gun Heavy Assault Rifle Special Weapon Welding Torch Build | -11 -10 -9 -9 ------- Run | Scr Mat Mat Sto Slots Evolved . | . . . . Power . | . . . . Propulsion . | . . . . Utility . | . . . . Weapon . | . . . . Parts Attached . | . . . . Power . | . . . . Engine . | . . . . Core . | . . . . Reactor . | . . . . Propulsion . | . . . . Treads . | . . . . Leg . | . . . . Wheel . | . . . . Hover . | . . . . Flight . | . . . . Utility . | . . . . Device . | . . . . Storage . | . . . . Processor . | . . . . Hackware . | . . . . Protection . | . . . . Artifact . | . . . . Weapon . | . . . . Energy Gun . | . . . . Energy Cannon . | . . . . Ballistic Gun . | . . . . Ballistic Cannon . | . . . . Launcher . | . . . . Special Weapon . | . . . . Impact Weapon . | . . . . Slashing Weapon . | . . . . Piercing Weapon . | . . . . Special Melee Weapon . | . . . . Unidentified Prototypes . | . . . . Parts Lost 8 | . . . 8 Power 2 | . . . 2 Propulsion 3 | . . . 3 Utility 1 | . . . 1 Weapon 2 | . . . 2 Highest Loss Streak 4 | . . . 4 To Critical Strikes . | . . . . Average Slot Usage (%) 96 | . 100 98 95 Engine 12 | . 20 12 11 Treads 21 | . . 23 22 Wheel 2 | . 40 2 . Device 23 | . 20 24 23 Storage 1 | . 20 1 . Processor 1 | . . . 2 Protection 10 | . . 11 10 Energy Gun 10 | . . 11 10 Ballistic Gun 10 | . . 11 10 Naked Turns 10 | . . 5 5 Heaviest Build 18 | 9 9 18 18 Greatest Support 40 | 32 32 40 40 Greatest Overweight (x) . | . . . . Average Overweight (x) . | . . . . Largest Inventory Capacity 4 | 4 4 4 1 Average Capacity 1 | 3 4 1 . Most Carried 4 | 4 4 4 . Average Carried . | 1 4 . . Final Capacity 4 | 4 4 1 . Final Carried 4 | 4 4 . . Class Distribution -------------------- 86% | Sentry 6% | Recycler 5% | Watcher Dominant Class ---------------- Recycler | -10/Materials Sentry | -9/Materials Sentry | -9/Storage Resources | -11 -10 -9 -9 ----------- Run | Scr Mat Mat Sto Matter Collected 57 | . . 15 42 Remotely . | . . . . Salvage Created 326 | . . 82 244 Parts 23 | . . 7 16 Haulers Intercepted . | . . . . Recyclers Shooed 1 | . . 1 . Parts Field Recycled . | . . . . Retrieved Matter . | . . . . Parts Self-Destructed . | . . . . Prevented . | . . . . Kills | -11 -10 -9 -9 ------- Run | Scr Mat Mat Sto Combat Hostiles Destroyed 7 | . . 2 5 Guns 7 | . . 2 5 Classes Destroyed 3 | . . 1 2 Operator 1 | . . . 1 Grunt 1 | . . . 1 Sentry 6 | . . 2 4 Best Kill Streak 2 | . . 1 2 Combat Bots Only 2 | . . 1 2 Max Kills in Single Turn 2 | . . 1 2 Gunslinging 1 | . . . 1 Exploded . | . . . . Melee . | . . . . Uniques/NPCs Destroyed . | . . . . Combat | -11 -10 -9 -9 -------- Run | Scr Mat Mat Sto Damage Taken 1008 | . . 179 829 Core 402 | . . 58 344 Absorbed by Shields . | . . . . Core Remaining (%) 100 | 100 100 . . Volleys Fired 28 | . . 8 20 Largest 2 | . . 2 2 Hottest 79 | . . 79 79 Shots Fired 56 | . . 16 40 Gun 56 | . . 16 40 Cannon . | . . . . Launcher . | . . . . Special . | . . . . Kinetic 28 | . . 8 20 Thermal 28 | . . 8 20 Explosive . | . . . . Electromagnetic . | . . . . Robot Hit Streak 24 | . . 15 24 Robot Miss Streak 2 | . . . 2 Penetration Max . | . . . . Secondary Targets 1 | . . . 1 Max Gunslinging Chain 1 | . . . 1 Shots Hit Robots 47 | . . 15 32 Core Hits 15 | . . 4 11 Critical Kills . | . . . . Critical Parts Destroyed . | . . . . Critical Strikes 3 | . . 2 1 Burn 3 | . . 2 1 Melee Attacks . | . . . . Impact . | . . . . Slashing . | . . . . Piercing . | . . . . Sneak Attacks . | . . . . Combat Hostiles . | . . . . Follow-up Attacks . | . . . . Damage Inflicted 722 | . . 232 490 Guns 722 | . . 232 490 Cannons . | . . . . Explosions . | . . . . Melee . | . . . . Ramming . | . . . . Kinetic 338 | . . 108 230 Thermal 384 | . . 124 260 Explosive . | . . . . Electromagnetic . | . . . . Impact . | . . . . Slashing . | . . . . Piercing . | . . . . Highest Corruption . | . . . . Average Corruption . | . . . . Corruption Purged . | . . . . Corruption Blocked . | . . . . Overload Shots . | . . . . Overflow Damage . | . . . . Projectiles . | . . . . Explosions . | . . . . Melee . | . . . . Knockbacks . | . . . . Impact . | . . . . Kinetic . | . . . . Secondary . | . . . . Self-Inflicted Damage . | . . . . Shots . | . . . . Rammed . | . . . . Targets Rammed . | . . . . Kicked . | . . . . Crushed . | . . . . Highest Temperature 31 | . . 14 31 Average Temperature 10 | . . 10 10 Received Heat Transfer 447 | . . 63 384 Siege Activations . | . . . . Robots Corrupted . | . . . . Combat Hostiles . | . . . . Parts Fried . | . . . . Impact Corruptions . | . . . . Robots Melted . | . . . . Combat Hostiles . | . . . . Parts Melted 2 | . . 1 1 Heat Transferred 1147 | . . 444 703 Parts Sabotaged . | . . . . Parts Stolen . | . . . . Parts Stripped . | . . . . Power Chain Reactions . | . . . . Missiles Intercepted . | . . . . Alert | -11 -10 -9 -9 ------- Run | Scr Mat Mat Sto Peak Influence 183 | . 60 169 183 Initial 21 | . . 21 . Average 26 | . 1 58 18 Maximum Alert Level . | . . . . Low Security (%) 100 | 100 100 100 100 Level 1 . | . . . . Level 2 . | . . . . Level 3 . | . . . . Level 4 . | . . . . Level 5 . | . . . . High Security . | . . . . Max Security . | . . . . Squads Dispatched . | . . . . Investigation . | . . . . Extermination . | . . . . Reinforcement . | . . . . Assault . | . . . . Garrison . | . . . . Intercept . | . . . . Searches Triggered . | . . . . Construction Impeded . | . . . . Haulers Reinforced . | . . . . Active Scanning Responses . | . . . . Cargo Convoy Interrupts . | . . . . Stealth | -11 -10 -9 -9 --------- Run | Scr Mat Mat Sto Distress Signals 3 | . . . 3 Communications Jammed . | . . . . Distress Signals . | . . . . Times Spotted 35 | . 1 3 31 Peak Tracking Total 9 | . 1 1 9 Tactical Retreats 3 | . . . 3 Traps | -11 -10 -9 -9 ------- Run | Scr Mat Mat Sto Traps Triggered . | . . . . Indirectly . | . . . . Trap Hack Attempts . | . . . . Triggered . | . . . . Disarmed . | . . . . Reprogrammed 6 | . . . 6 Reused 1 | . . . 1 Traps Extracted . | . . . . Installed . | . . . . Triggered 1 | . . . 1 Machines | -11 -10 -9 -9 ---------- Run | Scr Mat Mat Sto Machines Disabled . | . . . . Max in Single Turn . | . . . . Machines Sabotaged . | . . . . Garrisons Compromised . | . . . . Overloaded Fab Kills . | . . . . Hacking | -11 -10 -9 -9 --------- Run | Scr Mat Mat Sto Machines Accessed 3 | . 2 . 1 Terminals 3 | . 2 . 1 Fabricators . | . . . . Repair Stations . | . . . . Recycling Units . | . . . . Scanalyzers . | . . . . Garrison Access . | . . . . Total Hacks 3 | . 2 . 1 Successful 3 | . 2 . 1 Failed . | . . . . Catastrophic . | . . . . Database Lockouts . | . . . . Manual 2 | . . . 2 Terminals 3 | . 2 . 1 Fabricators . | . . . . Repair Stations . | . . . . Recycling Units . | . . . . Scanalyzers . | . . . . Garrison Access . | . . . . Terminal Hacks 3 | . 2 . 1 Alert Level 1 | . 1 . . Reprogram Traps 1 | . . . 1 Dispatch Records 1 | . 1 . . Fabricator Hacks . | . . . . Repair Station Hacks . | . . . . Recycling Unit Hacks . | . . . . Scanalyzer . | . . . . Garrison Access Hacks . | . . . . Unauthorized Hacks . | . . . . Terminals . | . . . . Fabricators . | . . . . Repair Stations . | . . . . Recycling Units . | . . . . Scanalyzers . | . . . . Garrison Access . | . . . . Data Cores Recovered 1 | . . . 1 Used . | . . . . Hacking Detections . | . . . . Full Trace Events . | . . . . Feedback Events . | . . . . Feedback Blocked . | . . . . Robot Schematics Acquired . | . . . . Robots Built . | . . . . Authchips . | . . . . Time . | . . . . Total Robot Build Rating . | . . . . Part Schematics Acquired . | . . . . Parts Built . | . . . . Authchips . | . . . . Time . | . . . . Total Part Build Rating . | . . . . Parts Repaired . | . . . . Time . | . . . . Parts Recycled . | . . . . Recycled Matter . | . . . . Retrieved Matter . | . . . . Retrieved Components . | . . . . Parts Scanalyzed . | . . . . Part Schematics Acquired . | . . . . Parts Damaged . | . . . . Bothacking | -11 -10 -9 -9 ------------ Run | Scr Mat Mat Sto Used RIF Installer . | . . . . Robots Hacked 5 | . . 1 4 Non-combat 3 | . . . 3 Combat 2 | . . 1 1 Robot Hacks Applied 8 | . . 1 7 map_walls 1 | . . . 1 map_route 2 | . . . 2 mark_security 2 | . . . 2 find_shortcuts 2 | . . 1 1 find_garrison 1 | . . . 1 Relay Couplers Released . | . . . . Fabnet Peak Effective % . | . . . . Robots Rewired . | . . . . Allies Hacked . | . . . . Hacks Repelled . | . . . . Allies | -11 -10 -9 -9 -------- Run | Scr Mat Mat Sto Total Allies . | . . . . Largest Group . | . . . . Highest-Rated Group . | . . . . Highest-Rated Ally . | . . . . Total Orders . | . . . . Ally Attacks . | . . . . Total Damage . | . . . . Kills . | . . . . Allies Corrupted . | . . . . Allies Melted . | . . . . Intel | -11 -10 -9 -9 ------- Run | Scr Mat Mat Sto Robot Analysis Total 4 | 1 . 1 2 Derelict Logs Recovered . | . . . . Drone Launches . | . . . . Drone Recoveries . | . . . . Exploration | -11 -10 -9 -9 ------------- Run | Scr Mat Mat Sto Turns Passed 3925 | 53 214 882 2776 Spaces Moved 1007 | 60 215 137 595 Core 163 | 20 . 1 142 Treads 422 | . . 89 333 Legs . | . . . . Wheels 345 | 40 215 47 43 Hover 77 | . . . 77 Flight . | . . . . Fastest Speed 50 | 50 100 50 50 Average Speed 113 | 83 100 138 115 Slowest Speed 160 | 100 100 160 160 Overloaded Moves . | . . . . Propulsion Burnouts . | . . . . Robots Hopped . | . . . . Cave-ins Triggered . | . . . . Exploration Rate (%) 36 | 4 34 22 85 Regions Visited 3 Branch Regions 1 Pre-discovered Areas . | . . . . Known Exits Taken . | . . . . Unknown Exits Taken 3 | 1 1 1 . Scrap Searched . | . . . . Spaces Dug . | . . . . Terrain Destroyed . | . . . . Melee . | . . . . Projectile . | . . . . AOE . | . . . . Terrain Rammed . | . . . . Walls Destroyed . | . . . . Machines Disabled . | . . . . Actions | -11 -10 -9 -9 --------- Run | Scr Mat Mat Sto Total 3734 | 63 214 813 2644 Wait 2698 | . . 669 2029 Move 1004 | 59 214 136 595 Hop . | . . . . Pick Up 4 | 4 . . . Fast Attach . | . . . . Attach . | . . . . Detach . | . . . . Swap . | . . . . Drop . | . . . . Fire 28 | . . 8 20 Melee . | . . . . Ram . | . . . . Kick . | . . . . Crush . | . . . . Escape Stasis . | . . . . Rewire . | . . . . Trap . | . . . . Miscellaneous . | . . . . Route ------- -11/Scrapyard -10/Materials -9/Materials -9/Storage History --------- Turn | Location | Event 4 | -11/Scrapyard | Discovered new exit (range 16) 54 | -11/Scrapyard | Entered Materials 220 | -10/Materials | Discovered new exit (range 10) 268 | -10/Materials | Entered another Materials area 1143 | -9/Materials | Discovered new exit (range 4) 1150 | -9/Materials | Entered Storage 3718 | -9/Storage | Core integrity fell below 50% 3770 | -9/Storage | Core integrity fell below 20% 3774 | -9/Storage | Lost 4 parts (1p2n1u) 3926 | -9/Storage | Destroyed by S-10 Pest with Light Assault Rifle Last Messages --------------- 03749_ The unstable cave ceiling collapses. 03770_ W-16 Scout triggered EMP Trap. 03770_ A bubble of electromagnetic force engulfs the area. 03770_ W-16 Scout destroyed. 03770_ Door malfunctions. 03771_ M-13 Machinist repairs Y-45 Defender. 03772_ U-05 Engineer lays Concrete. 03882_ Released control of W-16 Scout. 03882_ W-16 Scout distress signal alerts nearby ally. 03885_ Took control of W-16 Scout. 03892_ Released control of W-16 Scout. 03892_ W-16 Scout distress signal alerts nearby ally. 03893_ Took control of U-05 Engineer. 03893_ Extracted analysis data for U-05 Engineer. 03898_ C-30 ARC bursts open, deploying its payload. 03898_ S-10 Pest unfolds itself. 03914_ U-05 Engineer builds a Door. 03916_ Welding Torch destroyed. 03919_ Wheel destroyed. 03925_ Lgt. Ion Engine destroyed. Map ----- +----------------------------------------------------+ | ????????????????????????????? | | ????????????????????#####???? | | ????????????????????#===#???? | | ????????????????????#===#???? | | ???????????????????##" "#???? | | ???????????????????#T ##### | | ?????????????"########+### | | ?????????????" | | ?????????????" | | ?????????????"#T##+####### | | ??????????????### ###+# | | ????????????????#"""" ## % | | ????????????????#"""" ## | | ????###?????????#"""" ## | | ????###?????????#"""" ## | | ???? ?????????# ## | | ???? ??????????#"""" ##### | | ???"" ?????????#??????= #???# | | # ?G ?#?#????????????? ##### | | #??"" ?#????????#???? + | | # #?##"#?#?#???? #### | | ####Y###### T##########+#### | | ?## #####+########### #### | | ### Y "%" | | ?## ######## | | ?###u####??### | | ??## ##?????## | | ??## ##?#??### | | ??## ####???## | | ??## ##?????## | | ??## #########^ ###/#### | | ??## #########+# # %# | | ??## #### # # # | | ??## #### # # # | | ??## #### / # # | | ??##s#### """ # #! % # | | ??## #### """ # # # | | ?###Y#### """ + ##+##+## | | ??## ########### ## | | #?## ## ###### ## | | ??## ## | | ??##### ######"##### ## | | ??############ ## ## | | ????########?#?"" ##? ## | | ????????#??????"" ##? ## | | ?????????????#?"" ##????## | | ?????#????#??# + ????## | | ??#??????????#?? ##????## | | ?????#???????#########????## | | #??????#??#?????######????## | +----------------------------------------------------+ Best States ------------- Heat Dissipation 36 Energy Generation 17 Energy Capacity 215 Matter Stores 100 Matter Capacity 100 Sight Range 18 Robot Scan Range 14 Terrain Scan Range 14 Terrain Scan Density 85 Armor Coverage 150 Resistance: KI 20 Resistance: TH 20 Resistance: EX 70 Resistance: EM 20 Resistance: I 45 Resistance: S 20 Resistance: P 20 Evasion (%) 53 Recoil Reduction 2 Offensive Hacking 10 Item Schematics ----------------- None Robot Schematics ------------------ None Fabricated ------------ Nothing Alien Tech Used ----------------- None Achievements -------------- None Challenges ------------ None Polymind | -11 -10 -9 -9 ---------- Run | Scr Mat Mat Sto Robots Controlled 6 | 1 . 1 4 Combat Hostiles 2 | . . 1 1 Allies . | . . . . Classes Controlled 4 | 1 . 1 2 Average Host Suspicion 57 | 3 45 53 60 Unsuspicious Activity 2598 | 6 . 667 1925 Returns to Shadow 4 | . . 1 3 Fuzzy Dispatches . | . . . . Protomatter Created 74 | . . 16 58 Used 80 | 5 . 23 52 Decayed 16 | . . . 16 Highest Spend 23 | 5 . 23 23 Top 5 Hosts by Kills: Y-45 Defender (-9/Materials: 6) Game ------ Seed DroneShadePit Manual? 0 Play Time 00:21:57 Cumulative 54.3 hours Start 2022.12.24 @ 19:41:52 End 2022.12.24 @ 19:59:23 Sessions 1 Manual Loads 0 Difficulty Adventurer Special Mode Winter2022/Polymind Game No. 71 Rogue 17 Adventurer 54 Explorer 0 Win Type - Total 0 Types 0/0/0/0/0/0/0/0/0 Lore% 28 Gallery% 49 Achievement% 41 Wizard Run 0 Options --------- ASCII 0 Keyboard 0 Movement Mouse Keybinds 0 Fullscreen 2 Font 24/Proggy Map View 76x50 Tactical HUD 1 Map Filters NONE Filters NONE Steam 1 RUN: e6f34376-adb3-4a42-b70b-37a79d0f9c48